 Dungeon Crawl Stone Soup version 0.26-a0-663-g36e8fdb655 (webtiles) character file.

Game seed: 8859906756516774782

42 Birvald the Digger (level 3, -5/19 HPs)
             Began as a Gargoyle Earth Elementalist on Oct 10, 2020.
             Slain by Crazy Yiuf
             ... wielding a +2 quarterstaff of chaos
              (7 damage)
             ... on level 2 of the Dungeon.
             The game lasted 00:03:00 (1853 turns).

Birvald the Digger (Gargoyle Earth Elementalist)    Turns: 1853, Time: 00:03:00

Health: -5/19      AC:  5    Str: 11    XL:     3   Next: 54%
Magic:  4/7        EV: 12    Int: 16    God:
Gold:   90         SH:  0    Dex: 10    Spells: 3/7 levels left

rFire    . . .     SeeInvis .   l - -2 mace (curse)
rCold    . . .     Faith    .   (no shield)
rNeg     + . .     Spirit   .   c - +0 robe
rPois    ∞         Reflect  .   (no helmet)
rElec    +         Harm     .   (no cloak)
rCorr    .         Rampage  .   (no gloves)
MR       .....                  (no boots)
Stlth    ++........             (no amulet)
HPRegen  0.06/turn              (no ring)
MPRegen  0.10/turn              (no ring)

@: no status effects
A: negative energy resistance 1, electricity resistance, unbreathing,
petrification resistance, rot immunity, AC +3
a: no special abilities


You were on level 2 of the Dungeon.
You visited 1 branch of the dungeon, and saw 3 of its levels.

You collected 90 gold pieces.

Inventory:

Hand Weapons
 d - a +0 dagger
 l - a cursed -2 mace (weapon)
Missiles
 b - 77 stones (quivered)
Armour
 c - a +0 robe (worn)
Scrolls
 a - 2 scrolls of noise {unknown}
 g - 2 scrolls of immolation {unknown}
 h - a scroll of enchant weapon {unknown}
 i - a scroll of blinking {unknown}
 j - 2 scrolls of identify {unknown}
 k - a scroll of fog {unknown}
Potions
 e - 2 potions of lignification {unknown}
 f - a potion of curing {unknown}
 m - a potion of experience {unknown}


   Skills:
 - Level 1.5 Dodging
 - Level 2.1 Stealth
 + Level 2.8 Spellcasting
 + Level 0.7 Conjurations
   Level 0.7 Transmutations
 + Level 4.5 Earth Magic


You had 3 spell levels left.
You knew the following spells:

 Your Spells              Type           Power        Failure   Level
a - Sandblast             Erth           ###...       3%          1
b - Stone Arrow           Conj/Erth      ##....       19%         3

Your spell library contained the following spells:

 Spells                   Type           Power        Failure   Level
 Passwall                 Tmut/Erth      ##......     10%         2
 Petrify                  Tmut/Erth      ##......     54%         4
 Lee's Rapid Deconstruct  Erth           ###.......   63%         5


Dungeon Overview and Level Annotations

Branches:
Dungeon (3/15)

Altars:
Gozag
Qazlal
Wu Jian

Annotations:
D:2 Crazy Yiuf


Innate Abilities, Weirdness & Mutations

You are resistant to torment.
Your stone body is resilient. (AC +3)
You are immune to poison.
You resist negative energy. (rN+)
You are resistant to electric shocks. (rElec)
You can survive without breathing.
You are immune to petrification.
You are immune to rotting.


Message History

Aim: Crazy Yiuf, wielding a +2 quarterstaff of chaos and wearing a +0 cloak (moderately wounded)
The blast of sand hits Crazy Yiuf.
Crazy Yiuf is heavily wounded.
b - 78 stones Crazy Yiuf hits you with a +2 quarterstaff of chaos!
Ouch! That really hurt!
Crazy Yiuf freezes you.
* * * LOW HITPOINT WARNING * * *
Unknown command.
Okay, then.
Casting: Sandblast (safe; 3% risk of failure)
Confirm with . or Enter, or press ? or * to list all spells.
Aiming: Sandblast (safe; 3% risk of failure)
Press: ? - help, Shift-Dir - straight line, f/p - Crazy Yiuf
Aim: Crazy Yiuf, wielding a +2 quarterstaff of chaos and wearing a +0 cloak (heavily wounded)
The blast of sand hits Crazy Yiuf.
Crazy Yiuf is heavily wounded.
b - 77 stones Crazy Yiuf hits you with a +2 quarterstaff of chaos!
You die...

####.#.#
#.
#....#
#.#.###
#....#
#.#...#
#....#
#.###.#
#...##
#.# #.#
##.##
#.###.#
#.##
#...#.#
##.#
##.##.#
#.##
#.....#
##@#
#######
#g# ...
#...#
#..)#
#####


You could see Crazy Yiuf.

Vanquished Creatures
  2 dart slugs (D:1)
  A leopard gecko (D:2)
  A ball python (D:1)
  5 bats
  2 giant cockroaches
  4 goblins
  3 hobgoblins
  5 kobolds
  2 quokkas (D:2)
  2 frilled lizards
  9 rats
36 creatures vanquished.

Notes
Turn   | Place    | Note
-------+----------+-------------------------------------------
     0 | D:1      | Birvald the Gargoyle Earth Elementalist began the quest for
                  | the Orb.
     0 | D:1      | Reached XP level 1. HP: 10/10 MP: 3/3
   136 | D:1      | Reached XP level 2. HP: 15/15 MP: 0/5
   212 | D:1      | Reached skill level 4 in Earth Magic
   919 | D:1      | Reached XP level 3. HP: 19/19 MP: 6/6
   924 | D:1      | Learned a level 3 spell: Stone Arrow
  1292 | D:2      | You fall into a shaft and drop 1 floor!
  1479 | D:2      | Found an opulent altar of Gozag.
  1528 | D:2      | Found an ornate altar of the Wu Jian Council.
  1528 | D:2      | Found a stormy altar of Qazlal.
  1846 | D:2      | Found a runed translucent door.
  1847 | D:2      | Noticed Crazy Yiuf
  1853 | D:2      | Slain by Crazy Yiuf

Illustrated notes

Levels and vault maps discovered:
D:1:      onia_arrival_handbag, layout_basic
D:2:      layout_basic, nicolae_overflow_hidden_temple, grunt_gozag_breadcrumbs,
          uniq_crazy_yiuf_cottage
D:3:      layout_basic, uniq_ijyb

Skill      XL: |  1  2 |
---------------+-------+-----
Earth Magic    | 4 |  4.5
Dodging        | |  1.5
Stealth        | |  2.1
Spellcasting   | |  2.8
Conjurations   | |  0.7
Transmutations | |  0.7

Action                   || total
-------------------------++-------
Melee: Unarmed           ||    19
       Dagger            ||    83
       Mace              ||    18
 Cast: Sandblast         ||    20
 Stab: Sleeping          ||     4
Armor: Robe              ||    53
Dodge: Dodged            ||    88

Table legend: (Time is in decaauts)
 A = Elapsed time spent in this place.
 B = Non-inter-level travel time spent in this place.
 C = Inter-level travel time spent in this place.
 D = Time resting spent in this place.
 E = Time spent auto-exploring this place.
 F = Levels seen in this place.
 G = Mean time per level.
                   A        B        C        D        E       F      G
               +--------+--------+--------+--------+--------+-----+--------+
         Total |   1859 |   1834 |     25 |    205 |   1265 |   3 |  619.7 |
       Dungeon |   1859 |   1834 |     25 |    205 |   1265 |   3 |  619.7 |
               +--------+--------+--------+--------+--------+-----+--------+

Top non-repeatable levels by time:
     D:1: 1128 daAuts
     D:2: 726 daAuts
     D:3: 4 daAuts
